 Dungeon Crawl Stone Soup version 0.15.0-16-gce31824 (webtiles) character file.

29 CrazyArbalest the Bolt Thrower (level 3, 22/26 HPs)
             Began as a Demonspawn Hunter on Sept 5, 2014.
             Quit the game on Level 1 of the Dungeon.
             The game lasted 00:03:11 (718 turns).

CrazyArbalest the Bolt Thrower (Demonspawn Hunter)   Turns: 718, Time: 00:03:11

HP  22/26        AC  3     Str 12      XL: 3   Next:  1%
MP   3/3         EV 11     Int 12      God:
Gold 110         SH  0     Dex 14      Spells:  0 memorised,  2 levels left

rFire  . . .     SeeInvis .     i - +1 short sword (venom)
rCold  . . .     Clarity  .     d - +0 leather armour
rNeg   . . .     rCorr    .     (no shield)
rPois  .         rRot     .     (no helmet)
rElec  .         Spirit   .     (no cloak)
SustAb .         Warding  .     (no gloves)
rMut   .         Stasis   .     (no boots)
Gourm  .                        (no amulet)
MR     .....                    (no ring)
                                (no ring)

@: not resistant to hostile enchantments, unstealthy
A: nightstalker 1, powered by death 1
a: no special abilities


You were on level 1 of the Dungeon.
You were not hungry.

You visited 1 branch of the dungeon, and saw 1 of its levels.

You collected 110 gold pieces.

Inventory:

Hand weapons
 a - a +0 short sword
 b - a +1 hand crossbow
 i - a +1 short sword of venom (weapon)
 n - a +0 whip
Missiles
 c - 42 bolts
Armour
 d - a +0 leather armour (worn)
 h - a +0 pair of gloves
Comestibles
 f - 2 bread rations
 k - 3 rotting chunks of hobgoblin flesh
 l - a beef jerky
 o - 2 chunks of goblin flesh
 q - a chunk of rat flesh
 t - a chunk of giant gecko flesh
Scrolls
 e - a scroll of fog {unknown}
 j - 2 scrolls of enchant weapon {unknown}
 m - a scroll of teleportation {unknown}
 r - a scroll of magic mapping {unknown}
Potions
 g - 2 potions of restore abilities {unknown}
 p - a potion of heal wounds {unknown}
 s - a potion of mutation {unknown}


   Skills:
 + Level 1.2 Fighting
 * Level 4.3 Crossbows
 + Level 2.0 Dodging
 + Level 0.8 Stealth


You had 2 spell levels left.
You didn't know any spells.

Dungeon Overview and Level Annotations

Branches:
Dungeon (1/15)

Altars:


Innate Abilities, Weirdness & Mutations

You are slightly more attuned to the shadows.
You can steal the life force of nearby defeated enemies.


Message History

Things that are here:
a stone; 10 gold pieces The kobold barely misses you.
You hit the kobold.
The kobold is heavily wounded.
The kobold barely misses you.
You barely miss the kobold.
The kobold is heavily wounded.
The kobold hits you with a short sword.
You hit the kobold.
The kobold is poisoned.
The kobold is severely wounded.
The kobold closely misses you.
You hit the kobold.
You kill the kobold!
You have reached level 3!
Your experience leads to an increase in your attributes!
Increase (S)trength, (I)ntelligence, or (D)exterity?
You feel agile.
Your demonic ancestry asserts itself...
You slip into the darkness of the dungeon.
Are you sure you want to abandon this character and quit the game? (Confirm with "yes".)

#......#)###
#......#..##
#......##.## ##
#........... .
###......###..
.##........##### ####
..#.#......##...
#..)##..>#.........##
#...@...#######..###
#....(.....####.##
#...##(###......#
#### #.# ####..######
#.####..........
#.##...#..####'#
####...)###...##.⌠.
#.......# #....##..
#.......# ##....##.


There were no monsters in sight!

Vanquished Creatures
  A giant mite (D:1)
  2 giant geckos (D:1)
  5 bats (D:1)
  A hobgoblin (D:1)
  A ball python (D:1)
  A giant newt (D:1)
  3 goblins (D:1)
  4 kobolds (D:1)
  5 rats (D:1)
23 creatures vanquished.

Notes
Turn   | Place    | Note
--------------------------------------------------------------
     0 | D:1      | CrazyArbalest, the Demonspawn Hunter, began the quest for the Orb.
     0 | D:1      | Reached XP level 1. HP: 15/15 MP: 1/1
    85 | D:1      | Reached skill level 4 in Crossbows
    85 | D:1      | Gained mutation: You can steal the life force of nearby defeated enemies. [demonic ancestry]
    85 | D:1      | Reached XP level 2. HP: 19/21 MP: 2/2
   717 | D:1      | Gained mutation: You are slightly more attuned to the shadows. [demonic ancestry]
   717 | D:1      | Reached XP level 3. HP: 22/26 MP: 3/3
   718 | D:1      | Quit the game

Action                   || total
-------------------------++-------
Melee: Short sword       ||    50
 Fire: Hand crossbow     ||    20
